AoeStats
← Toucan Tim

MegaRandom

503974993Analyzed
1v1 RM · 1mo ago on Sep 3, 2026· 87m 11s· 2 players
Game mode
Random Map
Map size
Tiny (2 player)
Population
200
Speed
Normal
Resources
Standard
Victory
Conquest
Starting age
Dark Age
Ending age
Imperial Age
RankedLock teamsTeams togetherTeam positionsShared explorationLock speedFull tech treeHidden civsTurbo modeCheats
Victory
Defeat
🇺🇸 Bohemians · United States
892
+25
🇲🇽 Mongols · Mexico
938
-18
Toucan Tim
17:07 Feudal Age
23:03 Castle Age
20:50 Loom
22:42 Double-Bit Axe
22:39 Horse Collar
28:07 Bow Saw
33:24 Fletching
34:10 Pikeman
34:51 Squires
34:52 Scale Mail Armor
35:03 Forging
38:31 Ballistics
39:04 Chain Mail Armor
38:59 Forging
40:25 Redemption
40:26 Fervor
40:37 Sanctity
42:38 Iron Casting
41:59 Bodkin Arrow
42:05 Padded Archer Armor
47:07 Imperial Age
45:19 Wheelbarrow
47:24 Chemistry
46:20 Murder Holes
53:41 Houfnice
58:44 Elite Hussite Wagon
61:22 Murder Holes
61:32 Siege Engineers
73:14 Bracer
73:29 Leather Archer Armor
83:03 Plate Mail Armor
83:33 Blast Furnace
86:39 Medium Warships
linck92
3:21 Loom
5:39 Loom
15:56 Feudal Age
17:09 Gold Mining
17:07 Double-Bit Axe
23:14 Castle Age
25:03 Gold Shaft Mining
25:32 Forging
29:57 Bow Saw
30:26 Nomads
34:45 Iron Casting
41:05 Imperial Age
41:01 Horse Collar
41:59 Wheelbarrow
42:20 Conscription
42:02 Man-at-Arms
42:43 Squires
43:50 Blast Furnace
42:50 Scale Mail Armor
43:21 Long Swordsman
44:28 Hand Cart
48:35 Chemistry
48:00 Chain Mail Armor
47:55 Two-Handed Swordsman
48:40 Champion
53:23 Drill
63:58 Onager
68:09 Fletching
73:08 Bloodlines
73:02 Husbandry
81:12 Elite Skirmisher
81:57 Thumb Ring
Connection lost

Rejoining the realm…

Still unreachable

The connection could not be restored.

Session expired

The server has moved on; the page needs a fresh start.